 Dungeon Crawl Stone Soup version 0.31-a0-460-g9e667d4245 (webtiles) character file.

Game seed: 17807081578154889842

24224 makewrite the Impaler (level 12, -15/88 (90) HPs)
             Began as a Minotaur Fighter on Aug 4, 2023.
             Was a High Priest of Okawaru.
             Demolished by a +0 great sword of chaos (26 damage)
             ... on level 3 of the Lair of Beasts.
             The game lasted 00:41:49 (13740 turns).

makewrite the Impaler (Minotaur Fighter)           Turns: 13740, Time: 00:41:50

HP:   -15/88 (90)   AC: 24    Str: 21    XL:     12   Next: 78%
MP:   18/18         EV:  9    Int: 12    God:    Okawaru [*****.]
Gold: 1289          SH:  0    Dex: 13    Spells: 11/11 levels left

rFire   + . .        a - +0 glaive
rCold   + + .        (shield currently unavailable)
rNeg    + + .        z - +2 chain mail {Will+}
rPois   +            J - +1 hat of the Prince of Darkness {Int+2}
rElec   .            H - +2 cloak of Eternal Night {rPois Will- Slay+6}
rCorr   +            I - +2 pair of gloves of Ziggan {rN+}
SInv    +            A - +0 pair of boots "Elischo" {rC+ rN+ Int+3 SInv}
Will    .....        f - amulet of regeneration Stlth
                     v - ring "Uzeat" {rPois rF+ rC+}
HPRegen 1.14/turn    K - ring of resist corrosion
MPRegen 0.16/turn

%: no passive effects
@: lightly drained
A: horns 2, retaliatory headbutt
a: Renounce Religion, Heroism, Finesse, Duel


You were on level 3 of the Lair of Beasts.
You worshipped Okawaru.
Okawaru was extremely pleased with you.
You visited 3 branches of the dungeon, and saw 14 of its levels.

You collected 1781 gold pieces.
You spent 492 gold pieces at shops.

Inventory:

Hand Weapons
 a - a +0 glaive (weapon)
 b - a +3 orcbow
 w - a +2 trident of freezing
Missiles
 E - a throwing net
Armour
 z - a +2 chain mail of willpower (worn)
 A - the +0 pair of boots "Elischo" (worn) {rC+ rN+ Int+3 SInv}
   (You bought it in a shop on level 5 of the Dungeon)

   Int:       It affects your intelligence (+3).
   rC:        It protects you from cold.
   rN:        It protects you from negative energy.
   SInv:      It lets you see invisible.
 H - the +2 cloak of Eternal Night (worn) {rPois Will- Slay+6}
   (You found it on level 1 of the Lair of Beasts)

   Slay:      It affects your accuracy & damage with ranged weapons and melee
   (+6).
   rPois:     It protects you from poison.
   Will:      It decreases your willpower.
 I - the +2 pair of gloves of Ziggan (worn) {rN+}
   (You found it on level 3 of the Lair of Beasts)

   rN:        It protects you from negative energy.
 J - the +1 hat of the Prince of Darkness (worn) {Int+2}
   (You found it on level 2 of the Lair of Beasts)

   Int:       It affects your intelligence (+2).
Jewellery
 f - an amulet of regeneration (around neck)
 j - a ring of protection from fire
 q - a ring of see invisible
 v - the ring "Uzeat" (left hand) {rPois rF+ rC+}
   (You found it on level 3 of the Dungeon)

   [ring of protection from fire]

   rF:        It protects you from fire.
   rC:        It protects you from cold.
   rPois:     It protects you from poison.
 K - a ring of resist corrosion (right hand)
Wands
 y - a wand of digging (3)
 F - a wand of paralysis (19) (quivered)
Scrolls
 c - a scroll of amnesia {unknown}
 e - a scroll of blinking
 g - 4 scrolls of poison
 i - 3 scrolls of fog
 k - a scroll of vulnerability {unknown}
 l - a scroll of fear {unknown}
 m - 3 scrolls of teleportation
 s - a scroll of immolation {unknown}
 t - 2 scrolls of silence {unknown}
 C - a scroll of summoning {unknown}
 L - a scroll of identify
Potions
 d - 2 potions of might
 h - 2 potions of lignification
 n - a potion of resistance {unknown}
 o - a potion of degeneration {unknown}
 p - 2 potions of haste
 r - 3 potions of curing
 u - 2 potions of mutation
 x - 3 potions of heal wounds
 B - 3 potions of brilliance
 D - a potion of invisibility {unknown}
 G - 2 potions of cancellation


   Skills:
 - Level 3.6 Fighting
 + Level 15.7 Polearms
 + Level 10.5 Ranged Weapons
 + Level 13.6 Armour
 - Level 3.6 Shields
 * Level 9.5 Invocations


You had 11 spell levels left.
You didn't know any spells.
Your spell library contained the following spells:

 Spells                   Type           Power      Damage    Failure   Level
 Foxfire                  Conj/Fire      0%         2x1d4     82%         1
 Necrotise                Necr           0%         1d4       82%         1
 Sting                    Tmut/Pois      0%         1d3       82%         1
 Blink                    Tloc           0%         N/A       91%         2
 Cigotuvi's Dreadful Rot  Necr/Pois/Air  0%         N/A       91%         2
 Sublimation of Blood     Necr           0%         N/A       91%         2
 Wereblood                Tmut           0%         N/A       91%         2
 Dispel Undead            Necr           0%         3d6       100%        4
 Manifold Assault         Tloc           0%         N/A       100%        4
 Plasma Beam              Fire/Air       0%         2x1d10    100%        6
 Starburst                Conj/Fire      0%         6d3       100%        6
 Death Channel            Necr           Unusable   N/A       N/A         6
 Simulacrum               Ice/Necr       Unusable   N/A       N/A         6
 Summon Hydra             Summ           Unusable   N/A       N/A         7

Dungeon Overview and Level Annotations

Branches:
Dungeon (9/15)             Temple (1/1) D:4            Lair (4/5) D:8
 Shoals (0/4) Lair:2        Snake (0/4) Lair:2
  Slime: Lair:4-5       Orc: D:9-12

Altars:
Ashenzari
Cheibriados
Dithmenos
Elyvilon
Fedhas
Gozag
Hepliaklqana
Kikubaaqudgha
Makhleb
Nemelex Xobeh
Okawaru
Qazlal
Ru
Sif Muna
Trog
Uskayaw
Vehumet
Wu Jian
Xom
Yredelemnul
Zin
The Shining One

Shops:
D:5 [

Annotations:
Lair:4 Osajif's ghost, journeyman DESh


Innate Abilities, Weirdness & Mutations

You have a pair of horns on your head.
You reflexively headbutt those who attack you in melee.


Message History

Done exploring.
There is a stone staircase leading down here.
You can't go up here!
There is a stone staircase leading up here.
You climb upwards.
There is a stone staircase leading down here.
Unknown command.
Unknown command.
There is an open door here.
There is a stone staircase leading down here.
You climb downwards.
Level annotation: 1 runed translucent door, Osajif's ghost, journeyman DESh
There is a stone staircase leading up here.
There is an open door here.
Osajif's ghost turns its malevolent gaze towards you.
a - a +0 glaive (weapon)
You open the door. The +0 great sword of chaos hits you!
The +0 great sword of chaos freezes you.
The +0 great sword of chaos attacks as you move away!
The +0 great sword of chaos hits you.
The +0 great sword of chaos closely misses you.
There is an open door here.
Osajif's ghost wails.
The +0 great sword of chaos attacks as you move away!
The +0 great sword of chaos hits you!
The +0 great sword of chaos attacks as you move away!
The +0 great sword of chaos hits you!! You partially resist.
You feel drained.
There is a stone staircase leading up here.
The +0 great sword of chaos hits you!!
Osajif's ghost whispers, "There is no future for you."
The +0 great sword of chaos hits you but does no damage.
You climb upwards.
There is a stone staircase leading down here.
You barely miss the +0 great sword of chaos.
The +0 great sword of chaos hits you!!
* * * LOW HITPOINT WARNING * * *
You hit the +0 great sword of chaos but do no damage.
Your headbutt misses the +0 great sword of chaos.
The +0 great sword of chaos hits you!!
You die...

.PP...#......#..##.......#...P.##
..P..........#..#####..###...####
......#..##.#...#####.####....#P#
P.P..##.###..#...................
.................................
.................................
.................#.#...#.#...)..#
....P..........(.#####..###....##
.......#....#...@P# #..###....#.
.....##.#...#.P...# ##'P#.#......
.....##......#....###....P'P.P^P.
.....##......##........#.#.......
.....##.......#...#..#.##P.P.P.P#
...).##†.....##..####.####.......
.....#.#.....#...# ######P.P.P.P.
.....##†.#...##..###.##..#.....P#
.........................P.P.P.P.


You could see a +0 great sword of chaos.

Vanquished Creatures
  2 hydras (Lair:3)
  2 boulder beetles (Lair:2)
  3 death yaks (Lair:3)
  2 skysharks
  The ghost of bmj180 the Frost Mage, a novice MfIE (D:7)
  2 lindwurms (Lair:2)
  An oklob plant (Lair:1)
  A wolf spider (Lair:2)
  2 water nymphs (Lair:2)
  2 black mambas
  3 elephants (Lair:3)
  6 komodo dragons
  2 rime drakes
  9 cane toads
  An unseen horror skeleton (D:8)
  A tarantella (Lair:2)
  5 blink frogs (Lair:2)
  16 yaks
  A basilisk (Lair:2)
  A wyvern (Lair:4)
  2 redbacks (Lair:2)
  A death yak simulacrum (Lair:1)
  3 nagas (Lair:2)
  12 water moccasins
  3 sky beasts
  3 black bears
  An ogre (D:5)
  11 wolves
  A centaur (D:7)
  3 kobold brigands
  13 bullfrogs
  A cane toad simulacrum (Lair:1)
  2 scorpions
  3 wights (D:9)
  A spectral centaur (D:8)
  A howler monkey (D:8)
  A centaur zombie (D:8)
  2 lava snakes (Lair:2)
  3 jellies
  A sleepcap (D:6)
  4 hounds
  3 iguanas
  7 orc wizards
  2 polar bear simulacra (Lair:1)
  A mummy (D:5)
  A howler monkey zombie (D:8)
  Robin (D:4)
  4 gnolls
  A howler monkey skeleton (D:8)
  6 adders
  A shadow imp (D:5)
  3 white imps
  3 ufetubi
  3 worms
  2 dart slugs
  23 orcs
  11 endoplasms
  2 giant cockroaches
  15 goblins
  11 hobgoblins
  22 kobolds
  2 quokkas (D:4)
  4 ball pythons
  6 bats
  A frilled lizard (D:2)
  6 rats
276 creatures vanquished.

Vanquished Creatures (others)
  An orc wizard (D:4)
1 creature vanquished.

Grand Total: 277 creatures vanquished

Notes
Turn   | Place    | Note
-------+----------+-------------------------------------------
     0 | D:1      | makewrite the Minotaur Fighter began the quest for the Orb.
     0 | D:1      | Reached XP level 1. HP: 19/19 MP: 0/0
   153 | D:1      | Reached skill level 1 in Ranged Weapons
   155 | D:1      | Reached XP level 2. HP: 22/26 MP: 1/1
  1038 | D:2      | Reached XP level 3. HP: 30/31 MP: 2/2
  1347 | D:2      | Identified the +0 ring mail of the Skies Above {rPois}
  1418 | D:2      | Identified the +2 robe of Insatiable Hunger {+Blink Will+
                  | Str+3 Dex+4}
  1858 | D:2      | Reached skill level 5 in Armour
  2023 | D:3      | Identified 2 scrolls of acquirement
  2023 | D:3      | Acquired a ring of see invisible
  2028 | D:3      | Acquired 1059 gold pieces
  2085 | D:3      | Reached XP level 4. HP: 35/39 MP: 3/3
  2603 | D:3      | Identified the ring "Uzeat" {rPois rF+ rC+}
  2791 | D:4      | Found a sparkling altar of Nemelex Xobeh.
  2837 | D:4      | Reached XP level 5. HP: 45/45 MP: 4/4
  2860 | D:4      | Noticed a black bear
  2882 | D:4      | Killed a black bear
  2886 | D:4      | Reached XP level 6. HP: 18/51 MP: 5/5
  3102 | D:4      | Found a staircase to the Ecumenical Temple.
  3117 | Temple   | Entered the Ecumenical Temple
  3215 | Temple   | Became a worshipper of Warmaster Okawaru
  3267 | D:4      | Found a shadowy altar of Dithmenos.
  3391 | D:4      | Noticed Robin
  3413 | D:4      | Killed Robin
  3696 | D:5      | Entered Level 5 of the Dungeon
  3776 | D:4      | Reached skill level 3 in Polearms
  3856 | D:5      | Reached skill level 1 in Invocations
  3987 | D:5      | Reached XP level 7. HP: 57/57 MP: 5/7
  4201 | D:5      | Found Gaemo's Antique Armour Shop.
  4209 | D:5      | Bought a glowing chain mail for 217 gold pieces
  4209 | D:5      | Bought a pair of polished boots for 275 gold pieces
  4209 | D:5      | Identified the +0 pair of boots "Elischo" {rC+ rN+ Int+3
                  | SInv} (You bought it in a shop on level 5 of the Dungeon)
  4445 | D:5      | Found a snail-covered altar of Cheibriados.
  4568 | D:5      | Found a stormy altar of Qazlal.
  4610 | D:6      | Got Ebuk Bett's Precepts of Deathly Poison
  4712 | D:6      | Reached skill level 4 in Polearms
  4741 | D:6      | Reached skill level 5 in Ranged Weapons
  4755 | D:6      | Reached * piety under Okawaru
  4799 | D:6      | Reached XP level 8. HP: 62/64 MP: 7/9
  4987 | D:6      | Reached skill level 5 in Polearms
  5076 | D:6      | Found a blossoming altar of Fedhas.
  5312 | D:7      | Found a hide-covered altar of Uskayaw.
  5476 | D:7      | Reached ** piety under Okawaru
  5477 | D:7      | Reached skill level 6 in Polearms
  5577 | D:7      | Found a hazy altar of Hepliaklqana.
  5667 | D:7      | Found a basalt altar of Yredelemnul.
  5821 | D:7      | Reached skill level 7 in Polearms
  5962 | D:7      | Reached XP level 9. HP: 45/70 MP: 11/11
  5989 | D:7      | Reached skill level 8 in Polearms
  6073 | D:8      | Noticed bmj180's ghost (novice MfIE)
  6073 | D:8      | Found a runed translucent gate.
  6073 | D:8      | Found a runed translucent gate.
  6073 | D:8      | Found a runed translucent gate.
  6148 | D:8      | Paralysed by a kobold brigand for 5 turns
  6160 | D:8      | Reached skill level 9 in Polearms
  6208 | D:8      | Found a staircase to the Lair.
  6209 | D:8      | Noticed a komodo dragon
  6229 | D:8      | Killed a komodo dragon
  6230 | D:8      | Reached skill level 5 in Invocations
  6313 | D:8      | Reached *** piety under Okawaru
  6386 | D:7      | Reached skill level 10 in Polearms
  6404 | D:7      | Reached skill level 10 in Armour
  6430 | D:8      | Reached XP level 10. HP: 60/77 MP: 13/13
  6663 | D:8      | Found an opulent altar of Gozag.
  7073 | D:7      | Killed bmj180's ghost
  7073 | D:7      | Reached **** piety under Okawaru
  7074 | D:7      | Reached skill level 11 in Polearms
  7305 | Lair:1   | Entered Level 1 of the Lair of Beasts
  7310 | Lair:1   | Noticed a cane toad
  7327 | D:8      | Killed a cane toad
  7585 | Lair:1   | Noticed a cane toad
  7596 | Lair:1   | Found a radiant altar of Vehumet.
  7614 | Lair:1   | Killed a cane toad
  7615 | Lair:1   | Reached skill level 12 in Polearms
  7937 | Lair:1   | Noticed an oklob plant
  8109 | Lair:1   | Identified the +2 cloak of Eternal Night {rPois Will-
                  | Slay+6}
  8111 | Lair:1   | Noticed a cane toad
  8128 | Lair:1   | Killed a cane toad
  8128 | Lair:1   | Reached ***** piety under Okawaru
  9187 | Lair:1   | Received a gift from Okawaru
  9187 | Lair:1   | Found the +4 robe of Folly {Brill Will-∞ Int+8}
  9394 | Lair:1   | Noticed a black mamba
  9398 | Lair:1   | Killed a black mamba
  9399 | Lair:1   | Reached XP level 11. HP: 82/82 MP: 15/15
  9933 | Lair:1   | Killed an oklob plant
 10437 | Lair:2   | Received a gift from Okawaru
 10562 | Lair:2   | Reached skill level 13 in Polearms
 10702 | Lair:2   | Found a runed translucent door.
 11112 | Lair:2   | Found a staircase to the Snake Pit.
 11193 | Lair:2   | Noticed a skyshark
 11210 | Lair:2   | Killed a skyshark
 11211 | Lair:2   | Reached skill level 10 in Ranged Weapons
 11278 | Lair:2   | Found the +8 whip "Snakebite" {venom, curare, rPois}
 11295 | Lair:2   | Noticed a wolf spider
 11411 | Lair:2   | Found a runed translucent gate.
 11420 | Lair:2   | Killed a wolf spider
 11442 | Lair:2   | Identified the +1 hat of the Prince of Darkness {Int+2}
 11442 | Lair:2   | Noticed a boulder beetle
 11449 | Lair:2   | Found a runed translucent gate.
 11450 | Lair:2   | Found a runed translucent gate.
 11450 | Lair:2   | Found a runed translucent gate.
 11450 | Lair:2   | Found a runed translucent gate.
 11451 | Lair:2   | Found a runed translucent gate.
 11451 | Lair:2   | Noticed a lindwurm
 11451 | Lair:2   | Noticed a boulder beetle
 11451 | Lair:2   | Noticed a lindwurm
 11475 | Lair:2   | Killed a boulder beetle
 11484 | Lair:2   | Killed a boulder beetle
 11485 | Lair:2   | Reached XP level 12. HP: 90/90 MP: 17/17
 11714 | Lair:3   | Received a gift from Okawaru
 11720 | Lair:3   | Reached skill level 14 in Polearms
 11838 | Lair:3   | Noticed a death yak
 11840 | Lair:3   | Noticed a death yak
 11842 | Lair:3   | Noticed a death yak
 11857 | Lair:3   | Killed a death yak
 11866 | Lair:3   | Killed a death yak
 11872 | Lair:3   | Killed a death yak
 11927 | Lair:3   | Identified the +2 pair of gloves of Ziggan {rN+}
 12017 | Lair:3   | Noticed a four-headed hydra
 12045 | Lair:3   | Killed a six-headed hydra
 12051 | Lair:3   | Reached skill level 15 in Polearms
 12204 | Lair:3   | Received a gift from Okawaru
 12365 | Lair:3   | Noticed a five-headed hydra
 12376 | Lair:3   | Killed a five-headed hydra
 12888 | Lair:4   | Reached ****** piety under Okawaru
 12888 | Lair:4   | Received a gift from Okawaru
 13075 | Lair:4   | Found a runed translucent door.
 13077 | Lair:4   | Found a shimmering altar of Xom.
 13077 | Lair:4   | Noticed Osajif's ghost (journeyman DESh)
 13345 | Lair:4   | Received a gift from Okawaru
 13740 | Lair:3   | Demolished by a +0 great sword of chaos

Illustrated notes

Levels and vault maps discovered:
D:1:      noname_arrival_rooms_in_the_neighbourhood, layout_basic,
          grunt_decor_arrowhead
D:2:      layout_basic
D:3:      layout_rooms, kennysheep_generic_room_8
D:4:      layout_loops_ring, overflow_temple_1_default, kennysheep_mini,
          minmay_temple_entry_wispy, minmay_distorted, uniq_robin
D:5:      layout_basic, slow_altar_2, nicolae_overflow_hidden_temple,
          serial_shops, shop, serial_glass, glass_columns_a, glass_columns_a
D:6:      layout_rooms, lemuel_coloured_pillars_altar, wad_rectangle_vault
D:7:      layout_cave_pools, mainiacjoe_overflow_alcove_1, lemuel_doored_altar,
          mainiacjoe_overflow_24_doors, corexii_mini_fake_secret_closet,
          kennysheep_generic_room_10
D:8:      layout_cave_pools, mainiacjoe_overflow_six_doors_small,
          david_lair_shrubbed, gammafunk_ghost_necromancy
D:9:      layout_cave_pools, uniq_maggie
Temple:   nicolae_temple_figure_eight
Lair:1:   layout_regular_city, portal_ice_cave_entry_ice_simulacra,
          lemuel_oklob_altar
Lair:2:   gammafunk_indiana_jones, layout_long_grid,
          nicolae_shoals_entry_flooding, nicolae_snake_entry_squirm
Lair:3:   layout_regular_city, serial_forest, infiniplex_forest_clump_diagonal,
          infiniplex_forest_end_double, infiniplex_forest_lined_room_2,
          infiniplex_forest_corner_1, infiniplex_forest_clump_large,
          infiniplex_forest_lined_room_3, infiniplex_forest_zigzag_2
Lair:4:   layout_regular_city, ebering_ghost_xom, grunt_forest_small_clearings,
          lemuel_fruit_fields

Skill      XL: |  1  2  3  4  5  6  7  8  9 10 11 12 |
---------------+-------------------------------------+-----
Ranged Weapons | 1 2 3 4 5 6 7 10 | 10.5
Armour         | 4 5 7 8 10 11 12 13 | 13.6
Polearms       | 3 4 7 10 12 13 15 | 15.7
Invocations    | 1 2 4 5 7 8 9 |  9.5
Fighting       | |  3.6
Shields        | |  3.6

Action                     |  1- 3 |  4- 6 |  7- 9 | 10-12 || total
---------------------------+-------+-------+-------+-------++-------
  Melee: Trident           |    99 |   159 |   249 |   199 ||   706
         Headbutt          |     8 |    21 |    45 |    98 ||   172
         Punch             |       |     2 |     1 |     3 ||     6
         Glaive            |       |       |       |   173 ||   173
   Fire: Sling             |       |    34 |    38 |     1 ||    73
         Orcbow            |       |       |       |   167 ||   167
 Invoke: Heroism           |       |       |     1 |     5 ||     6
    Use: Scroll            |     4 |     1 |     4 |     6 ||    15
         Potion            |       |       |     1 |     3 ||     4
 Armour: Scale mail        |    37 |     6 |       |       ||    43
         Chain mail        |       |   112 |   181 |   363 ||   656
         Skin              |       |       |       |    35 ||    35
  Dodge: Dodged            |    26 |    83 |   115 |   194 ||   418

Table legend: (Time is in decaauts)
 A = Elapsed time spent in this place.
 B = Non-inter-level travel time spent in this place.
 C = Inter-level travel time spent in this place.
 D = Time resting spent in this place.
 E = Time spent auto-exploring this place.
 F = Levels seen in this place.
 G = Mean time per level.
                   A        B        C        D        E       F      G
               +--------+--------+--------+--------+--------+-----+--------+
         Total |  13756 |  12924 |    832 |   2477 |   7395 |  14 |  982.6 |
       Dungeon |   7732 |   7136 |    596 |    970 |   4559 |   9 |  859.1 |
        Temple |    118 |     84 |     34 |      0 |      0 |   1 |  118.0 |
          Lair |   5905 |   5703 |    202 |   1507 |   2836 |   4 | 1476.2 |
               +--------+--------+--------+--------+--------+-----+--------+

Top non-repeatable levels by time:
  Lair:1: 2205 daAuts
  Lair:2: 1623 daAuts
     D:8: 1360 daAuts
     D:7: 1139 daAuts
  Lair:4: 1045 daAuts
     D:4: 1043 daAuts
     D:2: 1040 daAuts
  Lair:3: 1030 daAuts
     D:1: 994 daAuts
     D:5: 795 daAuts
     D:6: 691 daAuts
     D:3: 618 daAuts
  Temple: 118 daAuts
     D:9: 49 daAuts
